 Dungeon Crawl Stone Soup version 0.29-a0-359-g541a27f54d (webtiles) character file.

Game seed: 11464779063492785659

9 Colgate the Sneak (level 2, 0/17 HPs)
             Began as a Kobold Brigand on Apr 28, 2022.
             Slain by a hobgoblin (2 damage)
             ... on level 1 of the Dungeon.
             The game lasted 00:01:06 (585 turns).

Colgate the Sneak (Kobold Brigand)                   Turns: 585, Time: 00:01:07

Health: 0/17       AC:  3    Str:  8    XL:     2   Next: 25%
Magic:  2/2        EV: 14    Int: 12    God:
Gold:   24         SH:  0    Dex: 16    Spells: 1/1 levels left

rFire   + . .      SeeInvis .   a - +2 dagger
rCold   . . .      Faith    .   (no shield)
rNeg    . . .      Spirit   .   f - +0 robe
rPois   .          Reflect  .   (no helmet)
rElec   .          Harm     .   c - +0 cloak
rCorr   .          Rampage  .   (no gloves)
Will    .....                   (no boots)
Stlth   ++++......              (no amulet)
HPRegen 0.05/turn               h - ring of protection from fire
MPRegen 0.08/turn               (no ring)

@: no status effects
A: small, no large weapons, nightstalker 3
a: no special abilities


You were on level 1 of the Dungeon.
You visited 1 branch of the dungeon, and saw 1 of its levels.

You collected 24 gold pieces.

Inventory:

Hand Weapons
 a - a +2 dagger (weapon)
 b - a +1 dagger of holy wrath
Missiles
 d - 9 poisoned darts (quivered)
 e - 3 curare-tipped darts
 i - 5 boomerangs
Armour
 c - a +0 cloak (worn)
 f - a +0 robe (worn)
Jewellery
 h - a ring of protection from fire (left hand)
Scrolls
 g - a scroll of teleportation {unknown}
 j - a scroll of identify {unknown}


   Skills:
 - Level 2.1 Fighting
 + Level 3.8 Short Blades
 - Level 2.1 Throwing
 - Level 1.2 Dodging
 - Level 5.3 Stealth


You had one spell level left.
You didn't know any spells.
Your spell library was empty.

Dungeon Overview and Level Annotations

Branches:
Dungeon (1/15)

Altars:


Innate Abilities, Weirdness & Mutations

You are small and have problems with some larger weapons.
You are completely attuned to the shadows.


Message History

i - 5 boomerangs You see here 2 javelins.
j - a scroll labelled WAWORO PERCHE No target in view!
An endoplasm and a kobold come into view.
Found a book of Callings.
An endoplasm is nearby!
An endoplasm is nearby!
An endoplasm is nearby!
The helpless endoplasm fails to defend itself.
You impale the endoplasm!!
You kill the endoplasm!
A kobold and a hobgoblin come into view.
The kobold shouts!
You hear a shout!
The floor.
Unknown command.
A goblin comes into view. It is wielding a +0 club.
The kobold closely misses you. The kobold attacks as you move away!
The kobold hits you with a +0 short sword.
The kobold attacks as you move away! The kobold barely misses you.
You hit the kobold. The kobold barely misses you.
You closely miss the kobold.
The kobold hits you with a +0 short sword.
You barely miss the kobold.
The kobold hits you with a +0 short sword.
The goblin completely misses you.
You hit the kobold.
You kill the kobold!
The goblin hits you but does no damage.
You hit the goblin but do no damage. You closely miss the goblin.
The goblin closely misses you. The hobgoblin hits you.
* * * LOW HITPOINT WARNING * * *
You hit the goblin. The goblin hits you with a +0 club.
* * * LOW HITPOINT WARNING * * *
The hobgoblin closely misses you.
You barely miss the goblin. The goblin completely misses you.
The hobgoblin hits you.
You die...

#.# # ###+#.# # ......# #
......#######################
......##....................#
......##.##################.#
...†........................#
)....###....................#
.....# #...g@........(...#..#
.....# #...g#########........
##+# #........ #.#####..
#........ #.#...+.. #........
#.#.###.. #........ #.#......
#.....:.. #.#...... #........
#.#.##### #........
####.#...#..


You could see a hobgoblin and a goblin.

Vanquished Creatures
  2 ball pythons (D:1)
  2 bats (D:1)
  An endoplasm (D:1)
  A giant cockroach (D:1)
  2 kobolds (D:1)
8 creatures vanquished.

Notes
Turn   | Place    | Note
-------+----------+-------------------------------------------
     0 | D:1      | Colgate the Kobold Brigand began the quest for the Orb.
     0 | D:1      | Reached XP level 1. HP: 12/12 MP: 1/1
   383 | D:1      | Reached XP level 2. HP: 17/17 MP: 2/2
   585 | D:1      | Slain by a hobgoblin

Illustrated notes

Levels and vault maps discovered:
D:1:      lightli_arrival_quake, layout_basic, minmay_door_square

Skill      XL: |  1 |
---------------+----+-----
Short Blades   | 3 |  3.8
Fighting       | |  2.1
Throwing       | |  2.1
Dodging        | |  1.2
Stealth        | |  5.3

Action                   || total
-------------------------++-------
Melee: Dagger            ||    15
 Stab: Sleeping          ||     7
Armor: Robe              ||     1
Dodge: Dodged            ||     7

Table legend: (Time is in decaauts)
 A = Elapsed time spent in this place.
 B = Non-inter-level travel time spent in this place.
 C = Inter-level travel time spent in this place.
 D = Time resting spent in this place.
 E = Time spent auto-exploring this place.
 F = Levels seen in this place.
 G = Mean time per level.
                   A        B        C        D        E       F      G
               +--------+--------+--------+--------+--------+-----+--------+
         Total |    582 |    582 |      0 |      0 |    515 |   1 |  582.0 |
       Dungeon |    582 |    582 |      0 |      0 |    515 |   1 |  582.0 |
               +--------+--------+--------+--------+--------+-----+--------+

Top non-repeatable levels by time:
     D:1: 582 daAuts
